 Dungeon Crawl Stone Soup version 0.22.1-2-g9c5b331 (webtiles) character file.

302 OneLooseMoose the Cudgeler (level 6, -2/39 HPs)
             Began as a Gargoyle Berserker on Nov 15, 2018.
             Was a Believer of Trog.
             Slain by a gnoll
             ... wielding a +0 spear
              (4 damage)
             ... on level 3 of the Dungeon.
             The game lasted 00:28:59 (3245 turns).

OneLooseMoose the Cudgeler (Gargoyle Berserker)     Turns: 3245, Time: 00:29:00

Health: -2/39      AC: 14    Str: 24    XL:     6   Next: 37%
Magic:  6/6        EV:  9    Int:  8    God:    Trog [**....]
Gold:   51         SH:  0    Dex:  9    Spells: 5/5 levels left

rFire    . . .     SeeInvis .   a - +0 mace
rCold    . . .     Gourm    .   (no shield)
rNeg     + . .     Faith    .   y - +0 chain mail
rPois    ∞         Spirit   .   E - +0 helmet
rElec    +         Reflect  .   (no cloak)
rCorr    .         Harm     .   (no gloves)
MR       .....                  (no boots)
Stlth    ..........             (no amulet)
HPRegen  0.13/turn              x - +3 ring of slaying
MPRegen  0.10/turn              w - +2 ring of strength

@: berserk cooldown, slowed, very slow
A: negative energy resistance 1, electricity resistance, unbreathing,
petrification resistance, rot immunity, AC +4
a: Berserk, Trog's Hand, Renounce Religion


You were on level 3 of the Dungeon.
You worshipped Trog.
Trog was pleased with you.
You were hungry.

You visited 1 branch of the dungeon, and saw 3 of its levels.

You collected 51 gold pieces.

Inventory:

Hand Weapons
 a - a +0 mace (weapon)
 d - a +0 short sword
 g - a +0 spear
 k - a +0 club
 n - a +0 club
 p - a +0 dagger
 s - a +0 club
 t - a +0 dagger
 A - a +0 scythe
 B - a +0 club
 C - a +0 spear
 F - a cursed -1 club
 G - a +0 club
 H - a +0 club
 I - a +0 whip
 J - a cursed -1 dagger
 K - a +0 short sword
Missiles
 h - 50 sling bullets
 j - 61 stones (quivered)
Armour
 b - a +0 animal skin
 f - a +0 robe
 y - a +0 chain mail (worn)
 E - a +0 helmet (worn)
 L - a +0 robe
 N - a +0 chain mail
 O - a +0 ring mail
Jewellery
 v - an uncursed ring of protection from cold
 w - a +2 ring of strength (right hand)
 x - a +3 ring of slaying (left hand)
Wands
 M - a wand of paralysis (14)
Scrolls
 i - a scroll of magic mapping {unknown}
 l - 4 scrolls of identify {unknown}
 o - 2 scrolls of remove curse {unknown}
 q - a scroll of noise {unknown}
 r - a scroll of fear {unknown}
 u - a scroll of blinking {unknown}
 D - a scroll of amnesia {unknown}
Potions
 e - 3 potions of curing {unknown}
 m - a potion of heal wounds {unknown}
 z - a potion of brilliance {unknown}
Comestibles
 c - 5 rations


   Skills:
 + Level 4.5 Fighting
 * Level 5.7 Maces & Flails
 + Level 3.0 Armour
 + Level 2.1 Dodging
 + Level 0.4 Stealth


You had 5 spell levels left.
You didn't know any spells.
Your spell library was empty.

Dungeon Overview and Level Annotations

Branches:
Dungeon (3/15)

Altars:
Ashenzari
Hepliaklqana
Nemelex Xobeh
Zin
The Shining One


Innate Abilities, Weirdness & Mutations

You are resistant to torment.
Your stone body is resilient. (AC +4)
You are immune to poison.
You resist negative energy. (rN+)
You are resistant to electric shocks. (rElec)
You can survive without breathing.
You are immune to petrification.
You are immune to rotting.


Message History

* * * LOW HITPOINT WARNING * * *
The gnoll closely misses you. The gnoll barely misses you.
The orc hits you but does no damage. The gnoll hits you but does no damage.
You see here 2 chunks of flesh.
You feel a strong urge to attack something.
The gnoll hits you from afar with a spear.
* * * LOW HITPOINT WARNING * * *
The orc hits you with a mace.
* * * LOW HITPOINT WARNING * * *
You are no longer berserk.
Trog's vigour flows through your veins.
You are exhausted.
You feel yourself slow down.
You barely miss the gnoll. The gnoll hits you but does no damage.
The orc hits you with a mace.
* * * LOW HITPOINT WARNING * * *
You hit the gnoll but do no damage. The gnoll barely misses you.
The gnoll hits you from afar with a spear.
You die...

..##?. ...... ....b
#####...#
######.g.o...##.
..s...og.......#
#######ogo....#
#.....@ogoS...#
#.####.....g########
#...........#
######......#
.........##
#.####.##.#####
#.#......#
#.#......#
#.#......#


You could see an orc warrior, an orc wizard, 4 gnolls, 4 orcs, a hobgoblin and a
ball python.

Vanquished Creatures
  Sigmund (D:3)
  A scorpion (D:3)
  Ijyb (D:3)
  2 adders (D:2)
  An ooze (D:3)
  A worm (D:3)
  3 leopard geckos
  An orc (D:3)
  6 bats
  2 giant cockroaches
  3 goblins
  9 hobgoblins
  2 jackals (D:2)
  A quokka (D:2)
  A ball python (D:2)
  3 frilled lizards
  9 kobolds
  4 rats (D:1)
  7 toadstools (D:1)
58 creatures vanquished.

Notes
Turn   | Place    | Note
-------+----------+-------------------------------------------
     0 | D:1      | OneLooseMoose the Gargoyle Berserker began the quest for
                  | the Orb.
     0 | D:1      | Reached XP level 1. HP: 14/14 MP: 1/1
   394 | D:1      | Reached XP level 2. HP: 18/19 MP: 2/2
  1685 | D:1      | Found a sparkling altar of Nemelex Xobeh.
  1930 | D:2      | Reached XP level 3. HP: 24/24 MP: 3/3
  1955 | D:2      | Reached ** piety under Trog
  1992 | D:2      | Found a hazy altar of Hepliaklqana.
  2345 | D:2      | Reached skill level 4 in Maces & Flails
  2345 | D:2      | Reached XP level 4. HP: 29/29 MP: 4/4
  2477 | D:2      | Found a glowing golden altar of the Shining One.
  2804 | D:2      | Found a glowing silver altar of Zin.
  2807 | D:2      | Found a shattered altar of Ashenzari.
  2866 | D:3      | Noticed Sigmund
  2884 | D:3      | Killed Sigmund
  2884 | D:3      | Reached skill level 5 in Maces & Flails
  2884 | D:3      | Reached XP level 5. HP: 19/34 MP: 5/5
  3161 | D:3      | Noticed Ijyb
  3167 | D:3      | Paralysed by Ijyb for 7 turns
  3176 | D:3      | Killed Ijyb
  3176 | D:3      | Reached XP level 6. HP: 39/39 MP: 6/6
  3228 | D:3      | Noticed an orc warrior
  3245 | D:3      | Slain by a gnoll

Skill      XL: |  1  2  3  4  5  6 |
---------------+-------------------+-----
Fighting       | 4 |  4.5
Maces & Flails | 4 5 |  5.7
Dodging        | 2 |  2.1
Armour         | 3 |  3.0
Stealth        | |  0.4

Action                   |  1- 3 |  4- 6 || total
-------------------------+-------+-------++-------
Melee: Mace              |   138 |    67 ||   205
Invok: Berserk           |       |     2 ||     2
  Eat: Chunk             |     3 |     2 ||     5
       Ration            |     1 |       ||     1
Armor: Animal skin       |    36 |       ||    36
       Chain mail        |    50 |    57 ||   107
Dodge: Dodged            |    98 |    42 ||   140
